 Dungeon Crawl Stone Soup version 0.24.0-37-gcf1ca852f1 (webtiles) character file.

Game seed: 14609156063866026373, levelgen mode: deterministic

107965 FishyPogo the Basher (level 16, -10/136 HPs)
             Began as a Gnoll Venom Mage on Dec 7, 2019.
             Was the Champion of Makhleb.
             Mangled by a nagaraja
             ... wielding a +0 halberd
              (23 damage)
             ... on level 4 of the Snake Pit.
             The game lasted 03:14:44 (23081 turns).

FishyPogo the Basher (Gnoll Venom Mage)            Turns: 23081, Time: 03:14:44

Health: -10/136    AC: 19    Str: 18    XL:     16   Next: 48%
Magic:  1/31       EV: 20    Int: 20    God:    Makhleb [******]
Gold:   2104       SH:  9    Dex: 20    Spells: 6/38 levels left

rFire    + + .     SeeInvis .   b - +6 long sword of Pera {freeze, rF+ MR+}
rCold    + + .     Gourm    .   f - +2 buckler
rNeg     + . .     Faith    .   B - +1 leather armour of Temperance {MR+ Regen+ rCorr}
rPois    +         Spirit   .   Q - +2 helmet
rElec    +         Reflect  .   z - scarf {rC+ rF+}
rCorr    +         Harm     .   X - +0 pair of gloves "Zaitoe" {+Blink} (curse)
MR       +++++     Clarity  +   e - +2 pair of boots "Jecip" {rElec rPois Int-4 Dex+2}
Stlth    +++++.....             (no amulet)
HPRegen  2.12/turn              E - +6 ring of protection
MPRegen  0.22/turn              D - ring of positive energy

@: mighty, very slightly contaminated, regenerating, hasted, constricted,
studying Maces & Flails, invisible, very quick
A: distributed training, fangs 1, repulsion field 1, clarity, clever 2, cold
resistance 1, magic resistance 2, sense surroundings 1, regeneration 1, robust
1, evolution 2, strong nose
a: Minor Destruction, Lesser Servant of Makhleb, Major Destruction, Greater
Servant of Makhleb, Renounce Religion, Evoke Blink


You were on level 4 of the Snake Pit.
You worshipped Makhleb.
Makhleb was exalted by your worship.
You were near starving.

You visited 6 branches of the dungeon, and saw 26 of its levels.
You also visited: Gauntlet and Volcano.

You collected 2272 gold pieces.
You spent 168 gold pieces at shops.

Inventory:

Hand Weapons
 a - the +8 hunting sling of Pestilence {flame, rElec rF- rN+ Dex+5}
   (You found it on level 6 of the Dungeon)

   It causes projectiles fired from it to burn those they strike, causing extra
   injury to most foes and up to half again as much damage against particularly
   susceptible opponents.
   It affects your dexterity (+5).
   It makes you vulnerable to fire.
   It insulates you from electricity.
   It protects you from negative energy.
 b - the +6 long sword of Pera (weapon) {freeze, rF+ MR+}
   (You found it on level 5 of the Lair of Beasts)

   It has been specially enchanted to freeze those struck by it, causing extra
   injury to most foes and up to half again as much damage against particularly
   susceptible opponents.
   It can also slow down cold-blooded creatures.
   It protects you from fire.
   It affects your resistance to hostile enchantments.
 m - a +5 eveningstar of holy wrath
 n - the cursed +0 dagger of Unpleasantness {freeze, Dex+3, unknown}
   (You found it on level 3 of the Snake Pit)

   It has been specially enchanted to freeze those struck by it, causing extra
   injury to most foes and up to half again as much damage against particularly
   susceptible opponents.
   It can also slow down cold-blooded creatures.
   It affects your dexterity (+3).
   It has a curse placed upon it.
Missiles
 d - 245 stones
 k - 62 poisoned darts
 l - 4 throwing nets
 s - 189 sling bullets
 C - 29 boomerangs
 H - 4 silver boomerangs
 J - 3 silver javelins
 N - 8 javelins (quivered)
Armour
 e - the +2 pair of boots "Jecip" (worn) {rElec rPois Int-4 Dex+2}
   (You found it in a volcano)

   It affects your intelligence (-4).
   It affects your dexterity (+2).
   It insulates you from electricity.
   It protects you from poison.
 f - a +2 buckler (worn)
 z - a scarf of resistance (worn)
 B - the +1 leather armour of Temperance (worn) {MR+ Regen+ rCorr}
   (You found it on level 6 of the Lair of Beasts)

   It affects your resistance to hostile enchantments.
   It increases your rate of regeneration.
   It provides partial protection from all sources of acid and corrosion.
 Q - a +2 helmet (worn)
 X - the cursed +0 pair of gloves "Zaitoe" (worn) {+Blink}
   (You found it on level 6 of the Lair of Beasts)

   It lets you blink.
   It has a curse placed upon it.
Magical Staves
 w - an uncursed staff of conjuration
Jewellery
 h - an uncursed ring of flight
 p - a +5 ring of strength
 D - a ring of positive energy (right hand)
 E - a +6 ring of protection (left hand)
 I - an uncursed ring of protection from cold
 L - an uncursed ring of wizardry
 W - an uncursed ring of protection from fire
Wands
 y - a wand of paralysis (14)
 A - a wand of flame (84)
 M - a wand of digging (4)
 Y - a wand of disintegration (20)
Scrolls
 g - 5 scrolls of teleportation
 o - 21 scrolls of identify
 t - 11 scrolls of remove curse
 v - 4 scrolls of enchant weapon
 x - 2 scrolls of magic mapping
 S - 3 scrolls of blinking
 V - 3 scrolls of enchant armour
Potions
 i - 6 potions of curing
 j - 5 potions of mutation
 q - 4 potions of lignification
 r - 2 potions of flight
 G - 2 potions of berserk rage
 O - a potion of might
 U - a potion of agility
Books
 u - a manual of Maces & Flails
Miscellaneous
 P - a phial of floods
Comestibles
 c - 49 rations


   Skills:
 + Level 10.6 Fighting
 + Level 10.6 Short Blades
 + Level 10.6 Long Blades
 + Level 10.6 Axes
 + Level 11.7 Maces & Flails
 + Level 10.6 Polearms
 + Level 10.6 Staves
 + Level 10.6 Slings
 + Level 10.6 Bows
 + Level 10.6 Crossbows
 + Level 10.6 Throwing
 + Level 10.6 Armour
 + Level 11.5 Dodging
 + Level 11.4 Stealth
 + Level 10.6 Shields
 + Level 10.6 Unarmed Combat
 + Level 11.6 Spellcasting
 + Level 9.3 Conjurations
 + Level 9.0 Hexes
 + Level 9.0 Charms
 + Level 9.0 Summonings
 + Level 9.0 Necromancy
 + Level 9.0 Translocations
 + Level 9.0 Transmutations
 + Level 9.0 Fire Magic
 + Level 9.0 Ice Magic
 + Level 9.0 Air Magic
 + Level 9.0 Earth Magic
 + Level 10.5 Poison Magic
 + Level 11.5 Invocations
 + Level 10.6 Evocations


You had 6 spell levels left.
You knew the following spells:

 Your Spells              Type           Power        Failure   Level  Hunger
a - Sting                 Conj/Pois      ####         1%          1    None
b - Poisonous Vapours     Pois/Air       ######       1%          2    None
c - Mephitic Cloud        Conj/Pois/Air  ######..     1%          3    None
h - Regeneration          Chrm/Necr      #####.....   1%          3    None
k - Tukima's Dance        Hex            #####...     1%          3    None
n - Olgreb's Toxic Radia  Pois           ######..     1%          4    #......
p - Summon Mana Viper     Hex/Summ       #####...     4%          5    ####...
u - Song of Slaying       Chrm           #####...     1%          2    None
v - Venom Bolt            Conj/Pois      ######....   3%          5    ####...
y - Summon Ice Beast      Ice/Summ       #####...     1%          4    #......

Your spell library contained the following spells:

 Spells                   Type           Power        Failure   Level  Hunger
 Beastly Appendage        Tmut           #####.       1%          1    None
 Corona                   Hex            #####..      1%          1    None
 Infusion                 Chrm           ####         1%          1    None
 Summon Butterflies       Summ           #####...     1%          1    None
 Ensorcelled Hibernation  Hex/Ice        #####.       1%          2    None
 Shroud of Golubria       Chrm/Tloc      #####.       1%          2    None
 Sticks to Snakes         Tmut           #####...     1%          2    None
 Call Canine Familiar     Summ           #####...     1%          3    None
 Confuse                  Hex            #####...     1%          3    None
 Dazzling Spray           Conj/Hex       #####.       1%          3    None
 Spectral Weapon          Hex/Chrm       #####...     1%          3    None
 Spider Form              Tmut/Pois      ######....   1%          3    None
 Ice Form                 Ice/Tmut       #####...     1%          4    #......
 Blade Hands              Tmut           #####.....   4%          5    ####...
 Summon Hydra             Summ           #####.....   80%         7    #######


Dungeon Overview and Level Annotations

Branches:
Dungeon (12/15)            Temple (0/1) D:4            Lair (6/6) D:8
  Swamp (1/4) Lair:2        Snake (4/4) Lair:3        Slime (0/5) Lair:5
    Orc (2/2) D:9             Elf (1/3) Orc:2       Volcano (visited)
Gauntlet (visited)

Altars:
Ashenzari
Cheibriados
Dithmenos
Elyvilon
Hepliaklqana
Makhleb
Nemelex Xobeh
Okawaru
Ru
Sif Muna
Uskayaw
Vehumet
Wu Jian
Xom
Yredelemnul
The Shining One

Shops:
D:7 (   Orc:2 =*=[   Snake:3 [!%[:

Annotations:
D:11 4 exclusions
Lair:1 1 runed translucent door
Swamp:1 exclusion: shambling mangrove


Innate Abilities, Weirdness & Mutations

Your experience applies equally to all skills.
You have very sharp teeth.
Your uncanny sense of smell can sniff out nearby items.
You are surrounded by a mild repulsion field. (EV +2)
You possess an exceptional clarity of mind.
Your mind is very acute. (Int +4)
Your flesh is cold resistant. (rC+)
You are highly resistant to hostile enchantments. (MR++)
You passively map a small area around you.
Your natural rate of healing is unusually fast.
You are robust. (+10% HP)
You rapidly evolve.


Message History

You feel sick.
You feel sick.
You feel sick.
Casting: Summon Ice Beast (safe; 1% risk of failure)
Confirm with . or Enter, or press ? or * to list all spells.
Your skin crawls.
You feel sick.
You feel yourself speed up.
You feel sick.
Okay, then.
The nagaraja spits poison at you. The splash of poison misses you.
The nagaraja hits you with a +0 halberd!!
* * * LOW HITPOINT WARNING * * *
The nagaraja grabs you.
* * * LOW HITPOINT WARNING * * *
The nagaraja constricts you.
Unknown command.
You feel better.
The nagaraja hits you with a +0 halberd!!
You die...

#.#.#####(## ... # #(#
.###* #.# * .* .. *#.# .
N..* #... , ,,.... *
*.... ,* * ,..... ....
......#############*....
......N@..........##....
...................#....
......................[.
,
........................
* *
........................
,
........................
........................
*
...................S....
, .............


You could see a nagaraja and a naga.

Vanquished Creatures
  Asterion (Snake:1)
  Gastronok (D:8)
  A nagaraja (Snake:2)
  Louise (Lair:3)
  Nessos (Lair:4)
  Azrael (Lair:3)
  5 dire elephants (Lair:6)
  Harold (Lair:1)
  3 hydras
  2 catoblepae
  4 naga warriors
  4 anacondas
  2 two-headed ogres
  5 death yaks (Lair:6)
  3 naga sharpshooters
  2 orc high priests (Orc:2)
  5 salamander mystics
  3 shock serpents
  A sun demon (Volcano)
  3 naga ritualists
  Pikel (D:6)
  5 mana vipers
  An orc knight (D:11)
  3 deep elf magi (Elf:1)
  4 salamanders
  5 ugly things
  7 orc sorcerers
  A manticore (D:12)
  8 elephants
  Joseph (D:10)
  3 guardian serpents
  10 spiny frogs
  7 naga magi
  2 molten gargoyles (Volcano)
  18 black mambas
  2 rime drakes
  2 komodo dragons
  2 red devils (Volcano)
  3 hornets
  4 trolls
  A bog body (Lair:2)
  9 hippogriffs
  7 dream sheep (Lair:4)
  16 blink frogs
  An air elemental (Elf:1)
  2 shadows
  Sigmund (D:2)
  2 fire elementals
  A human (shapeshifter) (D:10)
  34 yaks
  2 fire bats (Volcano)
  3 hungry ghosts
  6 humans (Lair:5)
  4 vampire mosquitoes
  7 wargs
  2 swamp worms (Lair:2)
  Duvessa (D:6)
  19 nagas
  6 water moccasins
  4 hell hounds
  14 porcupines
  24 orc warriors
  A swamp drake (Swamp:1)
  7 ice beasts
  5 black bears
  4 slaves (D:6)
  2 phantoms
  An eye of draining (D:9)
  11 wolves
  23 ogres
  18 crocodiles
  5 centaurs
  4 big kobolds (D:9)
  9 bullfrogs
  Dowan (D:6)
  5 gnoll sergeants
  4 scorpions
  12 killer bees
  4 wights (D:9)
  3 howler monkeys
  2 crimson imps (D:7)
  7 lava snakes (Volcano)
  6 hounds
  2 bullfrog zombies
  7 jellies
  35 orc priests
  21 orc wizards
  2 bullfrog skeletons
  2 centaur skeletons
  4 iguanas
  12 worker ants
  2 hell rats (Lair:6)
  2 hound zombies
  A worker ant zombie (D:11)
  16 gnolls
  12 adders
  A shadow imp (D:8)
  6 oozes
  An adder skeleton (D:6)
  3 worms
  A dart slug (D:3)
  A leopard gecko (D:7)
  78 orcs
  11 bats
  4 giant cockroaches
  5 goblins
  4 hobgoblins
  14 jackals
  2 quokkas
  5 frilled lizards
  A giant cockroach zombie (D:6)
  A jackal skeleton (D:7)
  17 kobolds
  2 leopard gecko zombies
  A quokka skeleton (D:4)
  A quokka zombie (D:6)
  2 rats (D:1)
  A butterfly (Lair:1)
  A fungus (Lair:6)
  9 plants
728 creatures vanquished.

Vanquished Creatures (collateral kills)
  Rupert (Lair:4)
  Kirke (Lair:5)
  A nagaraja (Snake:3)
  A hydra (Lair:3)
  3 naga warriors
  A death yak (Lair:6)
  A two-headed ogre (Orc:1)
  An orc knight (Orc:2)
  2 deep elf magi (Elf:1)
  3 mana vipers
  4 salamanders
  2 naga magi
  7 elephants
  7 black mambas
  A guardian serpent (Snake:3)
  7 spiny frogs
  A rime drake (Lair:5)
  3 komodo dragons
  A bog body (Lair:2)
  9 blink frogs
  9 yaks
  A wyvern (Lair:2)
  A basilisk (Lair:6)
  A human (Lair:5)
  7 nagas
  A swamp worm (Lair:2)
  4 water moccasins
  2 porcupines (Lair:5)
  2 orc warriors
  6 wolves
  An ogre (D:8)
  2 bullfrogs
  4 killer bees (D:8)
  3 orc priests
  4 orc wizards
  3 hell rats (Lair:6)
  2 orcs
  A plant (Lair:6)
111 creatures vanquished.

Vanquished Creatures (others)
  An orc wizard (Orc:2)
  A bush (Lair:3)
  10 fungi
  16 plants
  12 toadstools (Lair:1)
40 creatures vanquished.

Grand Total: 879 creatures vanquished

Notes
Turn   | Place    | Note
-------+----------+-------------------------------------------
     0 | D:1      | FishyPogo the Gnoll Venom Mage began the quest for the Orb.
     0 | D:1      | Reached XP level 1. HP: 13/13 MP: 6/6
   158 | D:1      | Reached XP level 2. HP: 15/19 MP: 1/7
   659 | D:1      | Reached XP level 3. HP: 25/25 MP: 2/9
   663 | D:1      | Learned a level 2 spell: Poisonous Vapours
   667 | D:1      | Learned a level 3 spell: Mephitic Cloud
   781 | D:2      | Reached skill level 5 in Spellcasting
   871 | D:2      | Noticed Sigmund
   883 | D:2      | Gained mutation: You passively map a small area around you.
                  | [potion of mutation]
   883 | D:2      | Gained mutation: Your mind is acute. (Int +2) [potion of
                  | mutation]
   883 | D:2      | Gained mutation: You are robust. (+10% HP) [potion of
                  | mutation]
   883 | D:2      | Gained mutation: You evolve. [potion of mutation]
   911 | D:2      | HP: 2/40 [something (2)]
   914 | D:2      | Killed Sigmund
   914 | D:2      | Reached skill level 1 in Fighting
   914 | D:2      | Reached skill level 1 in Short Blades
   914 | D:2      | Reached skill level 1 in Long Blades
   914 | D:2      | Reached skill level 1 in Axes
   914 | D:2      | Reached skill level 1 in Maces & Flails
   914 | D:2      | Reached skill level 1 in Polearms
   914 | D:2      | Reached skill level 1 in Staves
   914 | D:2      | Reached skill level 1 in Slings
   914 | D:2      | Reached skill level 1 in Bows
   914 | D:2      | Reached skill level 1 in Crossbows
   914 | D:2      | Reached skill level 1 in Throwing
   914 | D:2      | Reached skill level 1 in Armour
   914 | D:2      | Reached skill level 1 in Shields
   914 | D:2      | Reached skill level 1 in Unarmed Combat
   914 | D:2      | Reached skill level 1 in Hexes
   914 | D:2      | Reached skill level 1 in Charms
   914 | D:2      | Reached skill level 1 in Summonings
   914 | D:2      | Reached skill level 1 in Necromancy
   914 | D:2      | Reached skill level 1 in Translocations
   914 | D:2      | Reached skill level 1 in Transmutations
   914 | D:2      | Reached skill level 1 in Fire Magic
   914 | D:2      | Reached skill level 1 in Ice Magic
   914 | D:2      | Reached skill level 1 in Air Magic
   914 | D:2      | Reached skill level 1 in Earth Magic
   914 | D:2      | Reached skill level 1 in Invocations
   914 | D:2      | Reached skill level 1 in Evocations
   914 | D:2      | Reached XP level 4. HP: 3/35 MP: 1/11
   914 | D:2      | Reached XP level 5. HP: 3/40 MP: 1/12
  1013 | D:2      | Gained mutation: You are resistant to hostile enchantments.
                  | (MR+) [evolution]
  1115 | D:2      | Found a hazy altar of Hepliaklqana.
  1240 | D:3      | Found a snail-covered altar of Cheibriados.
  1488 | D:2      | Found a burning altar of Makhleb.
  1496 | D:2      | Became a worshipper of Makhleb the Destroyer
  1667 | D:3      | Found a sacrificial altar of Ru.
  2018 | D:3      | Gained mutation: You have supernaturally acute eyesight.
                  | (SInv) [evolution]
  2071 | D:3      | Reached XP level 6. HP: 48/48 MP: 10/13
  2290 | D:4      | Found a staircase to the Ecumenical Temple.
  2306 | D:4      | Reached skill level 5 in Dodging
  2426 | D:4      | Reached XP level 7. HP: 46/55 MP: 10/15
  2569 | D:4      | Reached * piety under Makhleb
  2803 | D:4      | Gained mutation: You possess an exceptional clarity of
                  | mind. [evolution]
  2808 | D:4      | Learned a level 4 spell: Olgreb's Toxic Radiance
  3084 | D:5      | Entered Level 5 of the Dungeon
  3115 | D:5      | Reached skill level 5 in Stealth
  3198 | D:5      | Found a glowing golden altar of the Shining One.
  3206 | D:5      | Noticed an angel
  3256 | D:5      | Found a shimmering blue altar of Sif Muna.
  3266 | D:5      | Found a shattered altar of Ashenzari.
  3423 | D:5      | Found a basalt altar of Yredelemnul.
  3459 | D:5      | Noticed a profane servitor
  3528 | D:5      | Gained mutation: Your natural rate of healing is unusually
                  | fast. [evolution]
  3642 | D:6      | Found an ornate altar of the Wu Jian Council.
  3677 | D:6      | Noticed Pikel
  3754 | D:6      | HP: 2/56 [Pikel/+0 whip of electrocution (13)]
  3770 | D:6      | Killed Pikel
  3770 | D:6      | Reached XP level 8. HP: 16/63 MP: 15/17
  3805 | D:6      | Got an ichor-stained hunting sling
  3806 | D:6      | Identified the +8 hunting sling of Pestilence {flame, rElec
                  | rF- rN+ Dex+5} (You found it on level 6 of the Dungeon)
  3811 | D:6      | Noticed Duvessa
  3811 | D:6      | Noticed Dowan
  3817 | D:6      | Killed Duvessa
  3831 | D:6      | Killed Dowan
  4205 | D:5      | Reached XP level 9. HP: 59/71 MP: 16/18
  4309 | D:5      | Found a shadowy altar of Dithmenos.
  4492 | D:6      | Reached ** piety under Makhleb
  4506 | D:6      | Found a radiant altar of Vehumet.
  5287 | D:7      | Reached skill level 5 in Invocations
  5416 | D:7      | Found an iron altar of Okawaru.
  5461 | D:7      | Reached XP level 10. HP: 80/80 MP: 20/20
  5580 | D:7      | Found Heexko Rogg's Antique Weapon Boutique.
  5584 | D:7      | Reached *** piety under Makhleb
  5941 | D:8      | Reached skill level 5 in Fighting
  5941 | D:8      | Reached skill level 5 in Short Blades
  5941 | D:8      | Reached skill level 5 in Long Blades
  5941 | D:8      | Reached skill level 5 in Axes
  5941 | D:8      | Reached skill level 5 in Maces & Flails
  5941 | D:8      | Reached skill level 5 in Polearms
  5941 | D:8      | Reached skill level 5 in Staves
  5941 | D:8      | Reached skill level 5 in Slings
  5941 | D:8      | Reached skill level 5 in Bows
  5941 | D:8      | Reached skill level 5 in Crossbows
  5941 | D:8      | Reached skill level 5 in Throwing
  5941 | D:8      | Reached skill level 5 in Armour
  5941 | D:8      | Reached skill level 5 in Shields
  5941 | D:8      | Reached skill level 5 in Unarmed Combat
  5941 | D:8      | Reached skill level 5 in Evocations
  6115 | D:8      | Found a staircase to the Lair.
  6128 | D:8      | Reached skill level 5 in Conjurations
  6142 | D:8      | Reached **** piety under Makhleb
  6283 | D:8      | Noticed Gastronok
  6313 | D:8      | Killed Gastronok
  6313 | D:8      | Reached XP level 11. HP: 68/89 MP: 0/22
  6694 | D:9      | Found a shimmering altar of Xom.
  6711 | D:9      | Reached skill level 5 in Hexes
  6711 | D:9      | Reached skill level 5 in Charms
  6711 | D:9      | Reached skill level 5 in Summonings
  6711 | D:9      | Reached skill level 5 in Necromancy
  6711 | D:9      | Reached skill level 5 in Translocations
  6711 | D:9      | Reached skill level 5 in Transmutations
  6711 | D:9      | Reached skill level 5 in Fire Magic
  6711 | D:9      | Reached skill level 5 in Ice Magic
  6711 | D:9      | Reached skill level 5 in Air Magic
  6711 | D:9      | Reached skill level 5 in Earth Magic
  6736 | D:9      | Found a shimmering altar of Xom.
  6736 | D:9      | Found a shimmering altar of Xom.
  6737 | D:9      | Found a shimmering altar of Xom.
  6849 | D:9      | Noticed a two-headed ogre
  6857 | D:9      | Killed a two-headed ogre
  7033 | D:9      | Found a white marble altar of Elyvilon.
  7180 | D:9      | Reached ***** piety under Makhleb
  7215 | D:9      | Gained mutation: You are highly resistant to hostile
                  | enchantments. (MR++) [evolution]
  7238 | D:9      | Noticed a purple ugly thing
  7245 | D:9      | Killed a purple ugly thing
  7541 | D:9      | Found a staircase to the Orcish Mines.
  7727 | D:9      | Noticed a deep troll
  7737 | D:9      | Noticed a two-headed ogre
  7788 | D:10     | Entered Level 10 of the Dungeon
  7821 | D:10     | Noticed a harpy
  7831 | D:10     | a harpy changed into a yak
  7953 | D:10     | Noticed Joseph
  7981 | D:10     | Killed Joseph
  7991 | D:10     | Reached XP level 12. HP: 75/97 MP: 5/24
  8144 | D:10     | Found a sparkling altar of Nemelex Xobeh.
  8977 | D:11     | Learned a level 3 spell: Tukima's Dance
  9251 | D:11     | Gained mutation: You rapidly evolve. [evolution]
  9316 | D:12     | Identified the cursed +1 great sword "Ydarimu" {slice,
                  | *Noise rPois Str+3 Stlth+}
  9626 | Lair:1   | Entered Level 1 of the Lair of Beasts
  9685 | Lair:1   | Noticed a five-headed hydra
  9692 | Lair:1   | Learned a level 4 spell: Summon Ice Beast
  9701 | Lair:1   | Killed a five-headed hydra
  9701 | Lair:1   | Reached ****** piety under Makhleb
  9850 | Lair:1   | Noticed Harold
  9874 | Lair:1   | Killed Harold
 10004 | Lair:1   | Noticed a dire elephant
 10005 | Lair:1   | Found the ring of the Mage {Wiz MR++ Int+3}
 10034 | Lair:1   | Found a runed translucent door.
 10083 | Lair:1   | Found a shadowy altar of Dithmenos.
 10496 | Lair:1   | Gained mutation: Your flesh is cold resistant. (rC+)
                  | [evolution]
 10671 | Lair:2   | Found a gate leading to a gauntlet.
 10682 | Gauntlet | Entered a Gauntlet
 10682 | Gauntlet | Found a transporter.
 10692 | Gauntlet | Found a transporter.
 10700 | Gauntlet | Found a transporter.
 10702 | Gauntlet | Found a transporter.
 10716 | Gauntlet | Found a transporter.
 10729 | Gauntlet | Found a transporter.
 10743 | Gauntlet | Found a transporter.
 10753 | Gauntlet | Found a transporter.
 10767 | Gauntlet | Found a transporter.
 10782 | Gauntlet | Found a transporter.
 10782 | Gauntlet | Found a transporter.
 10829 | Gauntlet | Found a transporter.
 10843 | Gauntlet | Found a transporter.
 10845 | Gauntlet | Noticed a queen ant
 10856 | Gauntlet | Found a transporter.
 11196 | Lair:2   | Reached XP level 13. HP: 107/107 MP: 26/26
 11324 | Lair:2   | Found a staircase to the Swamp.
 12216 | Lair:3   | Found a staircase to the Snake Pit.
 13110 | Lair:4   | Noticed Rupert
 13163 | Lair:4   | Killed Rupert
 13538 | Lair:4   | Noticed Nessos
 13555 | Lair:4   | Killed Nessos
 13720 | Lair:4   | Reached skill level 10 in Spellcasting
 13881 | Lair:4   | Reached XP level 14. HP: 116/116 MP: 14/28
 14294 | Lair:5   | Gained mutation: Your mind is very acute. (Int +4)
                  | [evolution]
 14396 | Lair:5   | Noticed Kirke
 14407 | Lair:5   | Killed Kirke
 14557 | Lair:5   | Found a staircase to the Slime Pits.
 14585 | Lair:5   | Reached skill level 10 in Dodging
 15243 | Lair:5   | Got a transparent long sword
 15244 | Lair:5   | Identified the +6 long sword of Pera {freeze, rF+ MR+} (You
                  | found it on level 5 of the Lair of Beasts)
 15382 | Lair:6   | Entered Level 6 of the Lair of Beasts
 15494 | Lair:6   | Got a pair of translucent gloves
 15505 | Lair:6   | Identified the cursed +0 pair of gloves "Zaitoe" {+Blink}
                  | (You found it on level 6 of the Lair of Beasts)
 15539 | Lair:6   | Reached skill level 10 in Stealth
 15550 | Lair:6   | Reached skill level 10 in Invocations
 15560 | Lair:6   | Gained mutation: You are surrounded by a mild repulsion
                  | field. (EV +2) [evolution]
 16422 | Lair:6   | Noticed a dire elephant
 16422 | Lair:6   | Noticed a dire elephant
 16434 | Lair:6   | Noticed an Executioner
 16472 | Lair:6   | Noticed a dire elephant
 16491 | Lair:6   | Killed a dire elephant
 16548 | Lair:6   | Noticed a dire elephant
 16561 | Lair:6   | Killed a dire elephant
 16582 | Lair:6   | Killed a dire elephant
 16629 | Lair:6   | Killed a dire elephant
 16701 | Lair:6   | Got a smoking leather armour
 16712 | Lair:6   | Identified the +1 leather armour of Temperance {MR+ Regen+
                  | rCorr} (You found it on level 6 of the Lair of Beasts)
 16770 | Lair:6   | Noticed a dire elephant
 16792 | Lair:6   | Killed a dire elephant
 17123 | Orc:1    | Entered Level 1 of the Orcish Mines
 17195 | Orc:1    | Found a dark tunnel.
 17238 | Volcano  | Entered a volcano
 17447 | Volcano  | Found a burning altar of Makhleb.
 17482 | Volcano  | Reached XP level 15. HP: 83/125 MP: 29/29
 17526 | Volcano  | Got a pair of fine boots
 17532 | Volcano  | Identified the +2 pair of boots "Jecip" {rElec rPois Int-4
                  | Dex+2} (You found it in a volcano)
 17558 | Volcano  | Lost mutation: You have supernaturally acute eyesight.
                  | (SInv) [evolution]
 18325 | Orc:1    | Learned a level 5 spell: Summon Mana Viper
 18378 | Orc:2    | Entered Level 2 of the Orcish Mines
 18413 | Orc:2    | Learned a level 5 spell: Venom Bolt
 18749 | Orc:2    | Reached skill level 10 in Maces & Flails
 19262 | Orc:2    | Found Yreruisi's Jewellery Emporium.
 19272 | Orc:2    | Found Huinkar's Jewellery Shoppe.
 19273 | Orc:2    | Found Uzogeula's Antique Armour Shoppe.
 19276 | Orc:2    | Found Voqugheada's Assorted Antiques.
 19281 | Orc:2    | Bought a twisted leather armour for 168 gold pieces
 19291 | Orc:2    | Identified the +3 leather armour of Wyklo {SInv} (You
                  | bought it in a shop on level 2 of the Orcish Mines)
 19538 | Orc:2    | Found a staircase to the Elven Halls.
 19567 | Elf:1    | Entered Level 1 of the Elven Halls
 19885 | Swamp:1  | Entered Level 1 of the Swamp
 20110 | Swamp:1  | Reached skill level 10 in Poison Magic
 20260 | Snake:1  | Entered Level 1 of the Snake Pit
 20260 | Snake:1  | Noticed Louise
 20264 | Snake:1  | Noticed Azrael
 20392 | Lair:3   | Killed Azrael
 20473 | Lair:3   | Killed Louise
 20473 | Lair:3   | Reached skill level 10 in Fighting
 20473 | Lair:3   | Reached skill level 10 in Short Blades
 20473 | Lair:3   | Reached skill level 10 in Long Blades
 20473 | Lair:3   | Reached skill level 10 in Axes
 20473 | Lair:3   | Reached skill level 10 in Polearms
 20473 | Lair:3   | Reached skill level 10 in Staves
 20473 | Lair:3   | Reached skill level 10 in Slings
 20473 | Lair:3   | Reached skill level 10 in Bows
 20473 | Lair:3   | Reached skill level 10 in Crossbows
 20473 | Lair:3   | Reached skill level 10 in Throwing
 20473 | Lair:3   | Reached skill level 10 in Armour
 20473 | Lair:3   | Reached skill level 10 in Shields
 20473 | Lair:3   | Reached skill level 10 in Unarmed Combat
 20473 | Lair:3   | Reached skill level 10 in Evocations
 20813 | Snake:1  | Noticed Asterion
 20845 | Snake:1  | Killed Asterion
 20875 | Snake:1  | Found a frozen archway.
 21379 | Snake:2  | Found a hide-covered altar of Uskayaw.
 21820 | Snake:2  | Noticed a nagaraja
 21835 | Snake:2  | Killed a nagaraja
 21835 | Snake:2  | Reached XP level 16. HP: 135/135 MP: 9/31
 22251 | Snake:3  | Noticed a nagaraja
 22268 | Snake:3  | Killed a nagaraja
 22350 | Snake:3  | Found Egrelomu's Armour Shoppe.
 22395 | Snake:3  | Learned a level 3 spell: Regeneration
 22398 | Snake:3  | Learned a level 2 spell: Song of Slaying
 22526 | Snake:3  | Got a pitted dagger
 22553 | Snake:3  | Found Meuh's Food Shoppe.
 22562 | Snake:3  | Found Kazeukke's Book Emporium.
 22562 | Snake:3  | Found Famitorph's Distillery.
 22565 | Snake:3  | Found Totha's Armour Emporium.
 22935 | Snake:4  | Entered Level 4 of the Snake Pit
 23047 | Snake:4  | Noticed a nagaraja
 23051 | Snake:4  | Noticed a nagaraja
 23056 | Snake:4  | Noticed a nagaraja
 23060 | Snake:4  | Noticed a nagaraja
 23080 | Snake:4  | HP: 5/136 [nagaraja/+0 halberd (20)]
 23080 | Snake:4  | HP: 2/136 [nagaraja/+0 halberd (3)]
 23081 | Snake:4  | Mangled by a nagaraja

Levels and vault maps discovered:
D:1:      dpeg_arrival_brainrot, layout_basic, serial_bayou_crossing
D:2:      layout_rooms, lemuel_coloured_pillars_altar,
          overflow_temple_1_default, uniq_sigmund
D:3:      layout_loops_corners, overflow_temple_1_default, first_ration,
          kennysheep_slug_shrine
D:4:      layout_rooms, minmay_temple_entry_gardened_gates,
          minmay_tree_intersection
D:5:      layout_basic, grunt_temple_overflow_holy_war, lemuel_doored_altar,
          overflow_temple_1_default, cheibrodos_ashenzari_chains
D:6:      layout_loops_corners, vehumet_altar_wand_db, basic_altar, uniq_pikel,
          uniq_duvessa
D:7:      layout_basic, okawaru_altar_gauntlet_db, serial_shops,
          nicolae_shop_temple_entry_statues_fountains
D:8:      layout_gridville, minmay_lair_entry_grove, uniq_gastronok
D:9:      layout_stronghold, xom_shifter_show,
          kennysheep_orc_monster_closet_entryway, basic_altar,
          hangedman_little_slice_of_home
D:10:     layout_big_octagon, nemelex_diamond_rough_becter, uniq_joseph
D:11:     layout_loops_corners, minivault_8
D:12:     layout_rooms, lightli_minifort
Lair:1:   gammafunk_lair_enchanted_lake, layout_loops_ring, basic_altar,
          serial_bayou_pond_e, patterned_corridor, grunt_megastairs_1,
          lemuel_fruit_fields, uniq_harold
Lair:2:   layout_hall_layers, skrybe_swamp_entry_bodies, gauntlet_entry_generic,
          worms_lemuel
Lair:3:   layout_misc_corridors, dummy_snake_entry, cheibrodos_lair_reptile_den
Lair:4:   layout_cave_pods, st_stairs_6, lemuel_fruit_tree, grunt_megastairs_5,
          uniq_nessos, uniq_rupert
Lair:5:   layout_long_grid, slime_dummy, beast_lair_carwin_9, uniq_kirke
Lair:6:   due_jungle_book, layout_gridlike
Swamp:1:  layout_basic_swamp, evilmike_swamp_ruin_house_1,
          infiniplex_staircase_pool
Snake:1:  layout_misc_corridors, portal_ice_cave_entry_pillars_1, uniq_asterion,
          uniq_louise, uniq_azrael
Snake:2:  layout_onion_interference, basic_altar
Snake:3:  layout_onion, serial_shops, nicolae_shop_competitors_out_of_business,
          minmay_shoptagon
Snake:4:  johnstein_snake_rune_scales, layout_gridlike, serial_shops,
          shop_statue, minmay_shop_star
Orc:1:    cheibrodos_orc_guarddog, layout_diamond_mine, enter_volcano_2
Orc:2:    st_orc_mages, layout_diamond_mine
Elf:1:    eino_elf_arrival_sip, layout_loops_corners, minmay_elf_annihilation,
          grunt_megastairs_4, minmay_shop_grove

Skill      XL: |  1  2  3  4  5  6  7  8  9 10 11 12 13 14 15 16 |
---------------+-------------------------------------------------+-----
Conjurations   | 2 3 4 5 6 7 8 9 |  9.3
Spellcasting   | 5 6 7 8 9 10 11 | 11.6
Fighting       | 1 2 3 4 5 6 7 8 9 10 | 10.6
Short Blades   | 1 2 3 4 5 6 7 8 9 10 | 10.6
Long Blades    | 1 2 3 4 5 6 7 8 9 10 | 10.6
Axes           | 1 2 3 4 5 6 7 8 9 10 | 10.6
Maces & Flails | 1 2 3 4 5 6 7 8 9 11 | 11.7
Polearms       | 1 2 3 4 5 6 7 8 9 10 | 10.6
Staves         | 1 2 3 4 5 6 7 8 9 10 | 10.6
Slings         | 1 2 3 4 5 6 7 8 9 10 | 10.6
Bows           | 1 2 3 4 5 6 7 8 9 10 | 10.6
Crossbows      | 1 2 3 4 5 6 7 8 9 10 | 10.6
Throwing       | 1 2 3 4 5 6 7 8 9 10 | 10.6
Armour         | 1 2 3 4 5 6 7 8 9 10 | 10.6
Shields        | 1 2 3 4 5 6 7 8 9 10 | 10.6
Unarmed Combat | 1 2 3 4 5 6 7 8 9 10 | 10.6
Hexes          | 1 2 3 4 5 6 7 8 9 |  9.0
Charms         | 1 2 3 4 5 6 7 8 9 |  9.0
Summonings     | 1 2 3 4 5 6 7 8 9 |  9.0
Necromancy     | 1 2 3 4 5 6 7 8 9 |  9.0
Translocations | 1 2 3 4 5 6 7 8 9 |  9.0
Transmutations | 1 2 3 4 5 6 7 8 9 |  9.0
Fire Magic     | 1 2 3 4 5 6 7 8 9 |  9.0
Ice Magic      | 1 2 3 4 5 6 7 8 9 |  9.0
Air Magic      | 1 2 3 4 5 6 7 8 9 |  9.0
Earth Magic    | 1 2 3 4 5 6 7 8 9 |  9.0
Invocations    | 1 2 3 4 5 6 7 8 9 10 11 | 11.5
Evocations     | 1 2 3 4 5 6 7 8 9 10 | 10.6
Dodging        | 5 6 7 8 9 10 11 | 11.5
Stealth        | 5 6 7 8 9 10 11 | 11.4
Poison Magic   | 6 7 8 9 10 | 10.5

Action                   |  1- 3 |  4- 6 |  7- 9 | 10-12 | 13-15 | 16-18 || total
-------------------------+-------+-------+-------+-------+-------+-------++-------
Melee: Dagger            |    58 |    54 |       |       |       |       ||   112
       Bite              |     7 |     4 |    13 |    32 |    55 |    28 ||   139
       Whip              |       |     7 |   132 |    90 |       |       ||   229
       Long sword        |       |       |       |    28 |   269 |   122 ||   419
       Morningstar       |       |       |       |     6 |       |       ||     6
       Staff             |       |       |       |     4 |       |       ||     4
 Fire: Hunting sling     |       |       |   174 |   538 |  1078 |    94 ||  1884
Throw: Stone             |     1 |       |       |     1 |     1 |       ||     3
       Dart              |       |       |       |       |    39 |       ||    39
       Boomerang         |       |       |       |       |     9 |       ||     9
 Cast: Sting             |    35 |    25 |    37 |    54 |    20 |     1 ||   172
       Poisonous Vapours |     4 |    19 |     9 |    24 |    50 |     3 ||   109
       Mephitic Cloud    |       |       |     8 |    34 |   110 |    10 ||   162
       Olgreb's Toxic Ra |       |       |       |     6 |    10 |       ||    16
       Summon Ice Beast  |       |       |       |    21 |   103 |    23 ||   147
       Summon Mana Viper |       |       |       |       |     4 |     2 ||     6
       Venom Bolt        |       |       |       |       |     3 |     2 ||     5
       Tukima's Dance    |       |       |       |       |     3 |       ||     3
       Song of Slaying   |       |       |       |       |       |     7 ||     7
       Regeneration      |       |       |       |       |       |     2 ||     2
Invok: Minor Destruction |       |       |     1 |    35 |    84 |    11 ||   131
       Lesser Servant of |       |       |       |     1 |     7 |     2 ||    10
       Greater Servant o |       |       |       |       |     4 |       ||     4
       Major Destruction |       |       |       |       |     1 |       ||     1
 Abil: Evoke Flight      |       |       |       |       |     1 |       ||     1
Evoke: Wand              |       |       |       |       |     1 |       ||     1
  Use: Potion            |     4 |       |     5 |     3 |     3 |     6 ||    21
       Scroll            |     2 |       |     4 |     8 |     9 |     3 ||    26
 Stab: Sleeping          |     1 |     4 |     2 |       |     5 |       ||    12
       Confused          |       |       |     3 |     6 |    15 |     3 ||    27
       Distracted        |       |       |       |       |     3 |     3 ||     6
  Eat: Chunk             |       |     5 |    11 |    20 |    33 |     1 ||    70
       Ration            |       |       |       |       |     1 |     1 ||     2
Armor: Robe              |     6 |    10 |     3 |       |       |       ||    19
       Skin              |    13 |       |       |     3 |       |       ||    16
       Chain mail        |       |       |    62 |    86 |    17 |       ||   165
       Ring mail         |       |       |       |    14 |    81 |       ||    95
       Leather armour    |       |       |       |       |    65 |    51 ||   116
Dodge: Dodged            |    26 |    42 |    73 |   156 |   520 |   178 ||   995
Block: Buckler           |     6 |    15 |    51 |   110 |   277 |    97 ||   556
       Rpst.: Long sword |       |       |       |    11 |    44 |    31 ||    86
